AoeStats
← Ingvared

Arena

509921049Analyzed
4v4 RM · 3d ago on Sep 28, 2026· 21m 8s· 8 players
Game mode
Random Map
Map size
Large (8 player)
Population
200
Speed
Normal
Resources
Standard
Victory
Conquest
Starting age
Dark Age
Ending age
Imperial Age
RankedLock teamsTeams togetherTeam positionsShared explorationLock speedFull tech treeHidden civsTurbo modeCheats
Victory
Defeat
🇧🇷 Japanese · Brazil
846
+11
🇩🇪 Turks · Germany
779
+14
🇦🇷 Burgundians · Argentina
771
+14
🇲🇽 Byzantines · Mexico
741
+15
🇹🇷 Magyars · Türkiye
817
-16
🇬🇧 Britons · United Kingdom
731
-14
🇨🇳 Saxons · China
695
-12
🇨🇳 Bohemians · China
685
-12
yabin.belrojo
14:34 Feudal Age
15:56 Feudal Age
16:40 Horse Collar
17:07 Gold Mining
21:04 Castle Age
19:04 Stone Mining
19:08 Double-Bit Axe
[̲̅2̲̅D̲̅]
11:30 Feudal Age
12:02 Double-Bit Axe
12:00 Horse Collar
17:26 Gold Mining
17:31 Stone Mining
20:02 Castle Age
20:41 Gold Mining
20:53 Heavy Plow
21:07 Bow Saw
Ingvared
1:38 Loom
12:17 Feudal Age
13:42 Stone Mining
14:30 Wheelbarrow
14:35 Double-Bit Axe
14:59 Gold Mining
19:51 Castle Age
19:09 Padded Archer Armor
Nahue
1:47 Loom
10:26 Feudal Age
18:31 Castle Age
18:46 Double-Bit Axe
18:43 Horse Collar
20:52 Heavy Plow
21:10 Bow Saw
ryioze
12:33 Feudal Age
13:16 Double-Bit Axe
14:12 Horse Collar
18:13 Castle Age
16:40 Stone Mining
20:54 Bow Saw
伐木王
石头哥
12:06 Feudal Age
15:36 Double-Bit Axe
15:44 Man-at-Arms
18:06 Loom
20:22 Castle Age
18:51 Horse Collar
20:41 Scale Barding Armor
20:41 Scale Mail Armor
21:22 Squires
Stoepkakker
10:12 Feudal Age
15:12 Castle Age
16:40 Loom
Connection lost

Rejoining the realm…

Still unreachable

The connection could not be restored.

Session expired

The server has moved on; the page needs a fresh start.